Map: Ruins of Endion

Players

radazatl

  • Race: Protoss Protoss
  • League: Platinum

blackxored - Winner!

  • Race: Zerg Zerg
  • League: Platinum

VOD

Have the link to the VOD?

Description

Time

  • Played on: June 29, 2016, 3:49 p.m.
  • Length: 15:41
Show
View Real Time Build Order
Export as new Build Order

radazatl Protoss 

Build Orders:  

Get SALT Encoding   

  12  0:01  Probe (Chrono Boost)  
  13  0:11  Probe (Chrono Boost)  
  14  0:22  Probe (Chrono Boost)  
  14  0:24  Pylon  
  15  0:42  Gateway  
  15  0:46  Probe (Chrono Boost)  
  15  0:49  Pylon  
  16  0:53  Assimilator  
  16  1:05  Gateway  
  16  1:08  Probe (Chrono Boost)  
  17  1:20  Probe (Chrono Boost)  
  18  1:30  Cybernetics Core  
  19  1:32  Probe (Chrono Boost)  
  19  1:40  Assimilator  
  19  1:43  Probe (Chrono Boost)  
  20  2:02  Probe (Chrono Boost)  
  20  2:07  Adept  
  23  2:08  Adept  
  23  2:10  Warp Gate  
  23  2:13  Probe (Chrono Boost)  
  26  2:23  Probe (Chrono Boost)  
  27  2:34  Mothership Core (Chrono Boost)  
  29  2:44  Nexus  
  29  2:49  Pylon  
  29  2:54  Probe (Chrono Boost)  
  30  3:11  Adept x2  
  34  3:26  Probe (Chrono Boost)  
  35  3:30  Twilight Council  
  35  3:37  Gateway, Probe (Chrono Boost)  
  36  3:45  Pylon  
  36  3:51  Gateway  
  36  3:52  Probe (Chrono Boost)  
  37  3:57  Probe (Chrono Boost)  
  38  4:03  Probe (Chrono Boost)  
  38  4:05  Resonating Glaives  
  39  4:13  Probe (Chrono Boost)  
  39  4:14  Probe (Chrono Boost)  
  41  4:24  Stalker x2  
  45  4:38  Probe x2 (Chrono Boost)  
  47  4:43  Pylon  
  47  4:48  Probe x2 (Chrono Boost)  
  49  4:53  Robotics Facility  
  49  4:55  Assimilator  
  49  4:59  Probe x2 (Chrono Boost)  
  51  5:00  Assimilator  
  51  5:03  Gateway  
  51  5:12  Adept x2  
  55  5:17  Pylon, Probe (Chrono Boost)  
  55  5:18  Probe (Chrono Boost)  
  57  5:25  Adept  
  57  5:28  Probe x2 (Chrono Boost)  
  61  5:43  Adept x3  
  67  6:06  Observer  
  68  6:11  Probe (Chrono Boost)  
  68  6:12  Probe (Chrono Boost)  
  70  6:27  Immortal  
  71  6:45  Stalker x5  
  71  6:51  Probe x2 (Chrono Boost)  
  61  7:08  Adept  
  61  7:09  Adept x3, Stalker  
  61  7:12  Immortal  
  75  7:28  Nexus  
  75  7:34  Pylon  
  75  7:36  Pylon  
  75  7:40  Pylon, Stalker  
  75  7:42  Pylon  
  77  7:46  Robotics Bay  
  77  7:51  Pylon  
  77  7:54  Observer, Pylon  
  77  7:56  Gateway  
  78  8:05  Stalker  
  78  8:06  Stalker x2  
  78  8:12  Blink  
  85  8:21  Immortal  
  88  8:36  Adept x3  
  94  9:00  Disruptor  
  91  9:08  Stalker  
  91  9:09  Stalker x3  
  83  9:33  Robotics Facility, Stalker x2  
  83  9:34  Stalker  
  89  10:04  Disruptor  
  92  10:07  Nexus  
  92  10:11  Pylon  
  92  10:12  Pylon  
  92  10:24  Disruptor  
  84  10:47  Disruptor  
  87  11:00  Disruptor  
  90  11:06  Forge  
  90  11:13  Gateway  
  90  11:16  Pylon  
  90  11:23  Warp Prism  
  92  11:49  Zealot  
  94  11:56  Probe x3 (Chrono Boost)  
  96  12:21  Probe (Chrono Boost)  
  96  12:22  Probe x2 (Chrono Boost)  
  99  12:23  Gateway  
  99  12:24  Gateway  
  99  12:27  Zealot x2  
  99  12:28  Zealot x3  
  99  12:29  Zealot  
  97  12:54  Stalker  
  97  12:55  Stalker x4  
  97  12:56  Stalker x2  
  108  13:09  Dark Shrine, Probe x3 (Chrono Boost)  
  111  13:15  Assimilator  
  111  13:18  Disruptor  
  111  13:19  Probe (Chrono Boost), Assimilator  
  113  13:24  Pylon  
  113  13:26  Pylon  
  101  13:39  Adept  
  101  13:40  Adept x3  
  101  13:41  Adept  
  84  13:48  Adept  
  84  13:52  Adept  
  84  13:53  Adept  
  61  14:01  Adept  
  61  14:02  Adept x4  
  61  14:08  Disruptor  
  63  14:30  Dark Templar x2  
  67  14:32  Dark Templar  
  67  14:34  Dark Templar  
  71  14:42  Adept x2  
  71  14:43  Adept x2  
  71  14:45  Sentry  
  68  15:08  Adept x2  
  68  15:09  Zealot  
  68  15:10  Dark Templar  
  77  15:35  Stalker x2  
Show
View Real Time Build Order
Export as new Build Order

blackxored Zerg - Winner!

Build Orders: Hatch First 

Get SALT Encoding   

  12  0:02  Drone  
  13  0:08  Drone  
  14  0:17  Overlord  
  14  0:23  Extractor  
  14  0:24  Drone  
  15  0:38  Drone x2  
  17  0:53  Hatchery  
  16  0:57  Drone  
  16  1:00  Drone  
  18  1:12  Extractor  
  18  1:14  Spawning Pool  
  18  1:18  Drone  
  17  1:20  Drone  
  18  1:28  Drone  
  19  1:40  Overlord  
  19  1:57  Drone  
  20  2:02  Queen  
  20  2:05  Queen  
  20  2:06  Zergling x2  
  20  2:07  Zergling x2  
  26  2:13  Metabolic Boost  
  26  2:17  Zergling x4  
  28  2:34  Hatchery  
  27  2:37  Drone  
  27  2:38  Drone  
  27  2:41  Drone  
  30  2:47  Overlord  
  30  2:54  Drone  
  30  2:55  Drone  
  32  3:00  Drone x2  
  34  3:06  Pneumatized Carapace  
  34  3:16  Drone  
  34  3:17  Drone x3  
  37  3:21  Overlord  
  37  3:27  Overlord  
  37  3:32  Drone x2  
  37  3:33  Drone  
  40  3:35  Drone  
  40  3:39  Zergling x4  
  43  3:47  Queen  
  45  3:54  Overlord  
  45  4:08  Roach Warren  
  45  4:09  Extractor, Drone x3  
  46  4:11  Drone  
  46  4:13  Lair  
  46  4:15  Drone x4  
  51  4:18  Drone  
  51  4:21  Extractor  
  51  4:23  Extractor  
  50  4:27  Overlord x2  
  50  4:28  Drone  
  51  4:31  Drone  
  51  4:33  Drone  
  51  4:34  Drone  
  54  4:58  Roach x7  
  54  4:59  Roach x2  
  72  5:08  Queen  
  72  5:12  Evolution Chamber  
  72  5:13  Drone x2  
  75  5:16  Roach  
  75  5:17  Roach, Evolution Chamber  
  78  5:49  Zerg Missile Weapons Level 1, Zerg Ground Armor Level 1  
  78  5:53  Drone  
  78  5:54  Hydralisk Den, Drone x4  
  82  5:57  Overlord x3  
  81  6:12  Overlord x4  
  81  6:13  Overlord  
  81  6:19  Extractor  
  81  6:21  Spore Crawler  
  77  6:32  Roach  
  77  6:33  Roach x7  
  83  6:45  Roach x3  
  86  6:52  Drone x3  
  85  7:05  Muscular Augments  
  85  7:08  Drone  
  86  7:09  Drone  
  86  7:12  Drone  
  86  7:14  Drone  
  89  7:17  Drone  
  89  7:19  Drone  
  90  7:33  Ravager x5  
  90  7:34  Ravager x5  
  90  7:35  Ravager  
  101  7:39  Queen  
  101  7:42  Queen  
  105  7:49  Zerg Missile Weapons Level 2  
  105  7:53  Zergling x8  
  109  8:00  Zergling x2  
  109  8:01  Zergling x6  
  113  8:09  Zerg Ground Armor Level 2  
  113  8:13  Drone x2  
  113  8:14  Drone  
  116  8:24  Drone x5  
  118  8:36  Drone x3  
  118  8:37  Drone x3  
  124  8:43  Drone  
  125  8:49  Ravager x3  
  115  9:09  Roach x6  
  123  9:10  Roach x4  
  123  9:15  Zergling x2  
  123  9:16  Zergling x12  
  122  9:29  Zergling x10  
  127  9:38  Zergling x4  
  127  9:39  Zergling x2  
  127  9:43  Drone  
  131  9:47  Extractor  
  131  9:50  Drone x2  
  132  10:06  Drone  
  134  10:07  Drone x2  
  134  10:08  Drone x3  
  134  10:09  Hatchery  
  134  10:12  Overlord  
  134  10:13  Overlord x4  
  112  10:32  Roach x6  
  112  10:33  Roach x2  
  116  10:39  Hydralisk x2  
  120  10:45  Zergling x12  
  124  10:50  Infestation Pit  
  124  10:51  Spire  
  122  10:59  Zergling x8  
  122  11:00  Zergling x4  
  128  11:12  Drone x3  
  128  11:13  Hydralisk  
  128  11:14  Hydralisk x3  
  128  11:16  Lurker Den  
  128  11:17  Hatchery  
  132  11:35  Drone  
  132  11:36  Drone x6  
  132  11:38  Hydralisk x3  
  132  11:39  Extractor  
  144  11:40  Extractor  
  144  11:42  Overseer  
  144  11:46  Hive  
  143  11:53  Drone  
  143  11:54  Hydralisk x2, Drone x2  
  146  11:55  Hydralisk x3  
  156  12:03  Queen  
  124  12:46  Hydralisk  
  124  12:47  Hydralisk x15  
  124  12:50  Extractor  
  135  12:52  Extractor  
  135  12:55  Hydralisk x3  
  138  12:58  Zergling x2  
  138  12:59  Zergling x4  
  139  13:11  Corruptor, Greater Spire  
  139  13:12  Corruptor x2  
  141  13:34  Roach x12  
  144  13:41  Overseer  
  148  13:55  Zergling x22  
  145  13:56  Zergling x6  
  145  13:59  Corruptor x2  
  153  14:03  Drone  
  154  14:29  Brood Lord x4  
  154  14:30  Brood Lord  
  154  14:31  Corruptor x3  
  170  14:46  Drone  
  170  14:47  Spine Crawler  
  170  14:51  Spore Crawler  
  170  14:52  Drone x2, Spine Crawler  
  171  14:53  Drone x2  
  171  14:54  Spine Crawler  
  171  14:57  Spore Crawler  
  162  15:02  Brood Lord  
  162  15:03  Brood Lord x2  
  162  15:17  Overseer  
  158  15:24  Drone x3  
  158  15:28  Drone x5  
  154  15:39  Spore Crawler, Spine Crawler  
Tags
 
Add a new tag
Caveats
  • Supply blocks, unpowered buildings, or Contaminate may cause inaccurate times.
  • Supply counts are checked every 10 seconds.